 Dungeon Crawl Stone Soup version 0.28.0-53-g5a82cb258f (webtiles) character file.

Game seed: 1424414799347727630

5 Martska the Grasshopper (level 1, 0/16 HPs)
             Began as a Human Warper on June 26, 2022.
             Slain by a jackal (2 damage)
             ... on level 1 of the Dungeon.
             The game lasted 00:00:54 (105 turns).

Martska the Grasshopper (Human Warper)               Turns: 105, Time: 00:00:54

Health: 0/16       AC:  3    Str: 11    XL:     1   Next: 88%
Magic:  3/3        EV: 11    Int: 13    God:
Gold:   4          SH:  0    Dex: 12    Spells: 4/4 levels left

rFire   + . .      SeeInvis .   a - +0 spear
rCold   . . .      Faith    .   (no shield)
rNeg    . . .      Spirit   .   b - +0 leather armour
rPois   .          Reflect  .   (no helmet)
rElec   .          Harm     .   (no cloak)
rCorr   .          Rampage  .   (no gloves)
Will    .....                   (no boots)
Stlth   +.........              (no amulet)
HPRegen 0.05/turn               f - ring of protection from fire
MPRegen 0.08/turn               (no ring)

@: no status effects
A: no striking features
a: no special abilities


You were on level 1 of the Dungeon.
You visited 1 branch of the dungeon, and saw 1 of its levels.

You collected 4 gold pieces.

Inventory:

Hand Weapons
 a - a +0 spear (weapon)
Missiles
 d - 5 boomerangs of dispersal (quivered)
 h - 12 stones
Armour
 b - a +0 leather armour (worn)
Jewellery
 f - a ring of protection from fire (left hand)
 i - a ring of fire
Potions
 e - 2 potions of cancellation {unknown}
 g - a potion of brilliance {unknown}


   Skills:
 * Level 2.1 Fighting
 * Level 2.1 Polearms
 - Level 1.0 Throwing
 - Level 1.0 Armour
 * Level 2.2 Dodging
 - Level 2.0 Spellcasting
 - Level 3.0 Translocations


You had 4 spell levels left.
You didn't know any spells.
Your spell library contained the following spells:

 Spells                   Type           Power      Damage    Failure   Level
 Blink                    Tloc           18%        N/A       14%         2
 Gell's Gravitas          Tloc           9%         N/A       28%         3
 Lesser Beckoning         Tloc           9%         N/A       28%         3
 Teleport Other           Tloc           9%         N/A       28%         3
 Manifold Assault         Tloc           9%         N/A       95%         5


Dungeon Overview and Level Annotations

Branches:
Dungeon (1/15)

Altars:


Message History

The jackal completely misses you.
You hit the jackal but do no damage.
The jackal is heavily wounded.
The jackal bites you but does no damage. x2
The jackal bites you. x2
* * * LOW HITPOINT WARNING * * *
You closely miss the jackal.
The jackal is heavily wounded.
The jackal bites you.
* * * LOW HITPOINT WARNING * * *
The jackal bites you but does no damage.
You hit the jackal.
The jackal is heavily wounded.
The jackal barely misses you.
You closely miss the jackal.
The jackal is heavily wounded.
The jackal bites you but does no damage.
The jackal barely misses you.
You completely miss the jackal.
The jackal is heavily wounded.
The jackal barely misses you.
You closely miss the jackal.
The jackal is heavily wounded.
The jackal bites you.
* * * LOW HITPOINT WARNING * * *
The jackal misses you.
You hit the jackal.
You kill the jackal!
You hit the jackal but do no damage. The jackal bites you.
* * * LOW HITPOINT WARNING * * *
The jackal closely misses you.
Blink to where?
Press: ? - help, Dir - move target
As you read the scroll of blinking, it crumbles to dust.
There is an empty arch of ancient stone here.
Reach: a) +0 spear
Press: ? - help, Dir - move target, f - jackal
Aim: a jackal (about 45% to evade your +0 spear)
You closely miss the jackal. The jackal bites you.
You die...

#♣......∩#..................
#.......##.....#.##..#.##..##
#..♣.....##............# ....
#........♣######.###.#.##....
###..........♣.##.#
#.#.h†....
#.∩.............#.#
#.#.##†.#.
###.....8......♣#.# #.#.#
.... #..........h♣..#.. ..#.#
..#. ###.........@..# ..#.#
... #.∩............# .....
..#. ###............# ...
.... #............♣# ### ...
#.....♣.......#
#.............#
#..........<.##
.∩...........##
.##...♣......##


You could see a jackal.

Vanquished Creatures
  A ball python (D:1)
  An endoplasm (D:1)
  A jackal (D:1)
  A bat (D:1)
  A rat (D:1)
5 creatures vanquished.

Notes
Turn   | Place    | Note
-------+----------+-------------------------------------------
     0 | D:1      | Martska the Human Warper began the quest for the Orb.
     0 | D:1      | Reached XP level 1. HP: 16/16 MP: 3/3
   105 | D:1      | Slain by a jackal

Illustrated notes

Levels and vault maps discovered:
D:1:      nzn_arrival_settlement, layout_basic, minmay_misc_feat_five

Action                   || total
-------------------------++-------
Melee: Spear             ||    21
  Use: Scroll            ||     1
Armor: Leather armour    ||     6
Dodge: Dodged            ||    13
